Map: King's Cove LE

Players

Parkkatz - Winner!

  • Race: Zerg Zerg
  • League: Platinum
  • Spawn Location: 11:00

lurkerdrop

  • Race: Zerg Zerg
  • League: Platinum
  • Spawn Location: 5:00

VOD

Have the link to the VOD?

Description

Time

  • Played on: July 6, 2019, 10:07 p.m.
  • Length: 8:44
Show
View Real Time Build Order
Export as new Build Order

Parkkatz Zerg - Winner!

Build Orders: Hatch First 

Get SALT Encoding   

  12  0:01  Drone  
  13  0:14  Overlord  
  13  0:19  Drone  
  14  0:33  Drone x2  
  16  0:41  Drone  
  17  0:48  Drone  
  18  1:00  Hatchery  
  18  1:03  Extractor  
  18  1:04  Drone  
  18  1:11  Drone  
  18  1:21  Spawning Pool  
  18  1:24  Drone  
  18  1:30  Drone  
  19  1:41  Overlord  
  19  2:08  Queen  
  19  2:10  Zergling x4  
  19  2:13  Zergling x2  
  24  2:16  Queen  
  24  2:19  Metabolic Boost  
  26  2:26  Drone x3  
  29  2:39  Drone  
  29  2:40  Drone  
  31  2:46  Overlord  
  31  2:51  Drone  
  31  2:52  Queen  
  34  3:10  Drone x3  
  34  3:11  Baneling Nest  
  36  3:18  Overlord  
  36  3:20  Drone x2  
  38  3:37  Drone x2  
  38  3:38  Overlord  
  38  3:39  Zergling x6  
  43  3:49  Overlord  
  43  3:53  Drone  
  44  3:56  Baneling x3  
  44  4:06  Baneling  
  42  4:24  Baneling x2  
  41  4:43  Zergling x6  
  41  4:51  Zergling x10  
  41  4:52  Zergling x2  
  47  5:01  Drone x2, Roach Warren  
  47  5:06  Hatchery  
  47  5:19  Drone x3  
  50  5:23  Drone  
  50  5:24  Drone x2, Extractor x2  
  50  5:27  Baneling x2  
  48  5:28  Baneling  
  48  5:29  Baneling x3  
  48  5:35  Drone x2  
  50  5:37  Drone x3  
  50  5:39  Drone  
  50  5:40  Drone  
  48  6:08  Roach  
  48  6:09  Roach x4  
  58  6:13  Zergling x2  
  59  6:23  Roach x4  
  60  6:27  Roach x4  
  60  6:28  Roach  
  60  6:31  Drone  
  60  6:32  Drone x2  
  61  6:38  Roach  
  61  6:43  Drone x2  
  60  6:51  Roach x2  
  64  7:00  Overlord x2  
  64  7:13  Overlord x3  
  63  7:18  Queen x2  
  63  7:19  Hatchery  
  63  7:20  Overlord  
  66  7:42  Roach x4  
  66  7:43  Roach x2  
  72  8:04  Roach  
  74  8:13  Zergling x6  
Show
View Real Time Build Order
Export as new Build Order

lurkerdrop Zerg 

Build Orders: Pool First, Zergling Baneling 

Get SALT Encoding   

  12  0:00  Drone  
  13  0:08  Drone  
  14  0:18  Overlord  
  14  0:36  Drone x3  
  17  0:46  Spawning Pool  
  17  0:49  Drone  
  17  0:54  Extractor  
  16  0:58  Drone  
  17  1:09  Drone  
  18  1:20  Drone  
  19  1:30  Drone  
  20  1:33  Queen  
  22  1:42  Overlord  
  22  1:51  Hatchery  
  21  1:54  Drone  
  21  2:00  Metabolic Boost  
  22  2:09  Drone  
  22  2:15  Queen  
  25  2:22  Baneling Nest  
  24  2:26  Zergling x2  
  24  2:29  Zergling x2  
  26  2:37  Zergling x2  
  26  2:42  Zergling x4  
  26  2:43  Zergling x2  
  30  2:49  Overlord  
  30  2:56  Extractor  
  29  3:03  Zergling x2  
  29  3:05  Zergling x2  
  31  3:14  Drone  
  31  3:15  Drone  
  31  3:17  Drone  
  31  3:18  Zergling x4  
  36  3:30  Zergling x2  
  36  3:31  Zergling x2  
  38  3:36  Zergling x2  
  38  3:37  Zergling x2  
  40  3:49  Zergling x2  
  40  3:50  Zergling x6  
  40  3:52  Baneling x6  
  40  3:53  Baneling  
  40  3:54  Baneling  
  40  3:55  Baneling  
  44  3:57  Baneling  
  44  3:59  Baneling  
  44  4:07  Baneling  
  40  4:38  Drone x7  
  35  4:49  Zergling x12  
  39  4:56  Roach Warren  
  38  5:01  Zergling x4  
  40  5:13  Zergling x4  
  42  5:20  Baneling x2  
  42  5:23  Drone  
  42  5:28  Drone  
  43  5:30  Overlord x2  
  43  5:33  Overlord x2  
  43  5:45  Spine Crawler  
  43  5:47  Spine Crawler  
  39  6:04  Zergling x2  
  39  6:05  Zergling x12  
  44  6:12  Zergling x4  
  46  6:22  Zergling x2  
  42  6:39  Drone  
  41  6:40  Drone x5  
  42  6:47  Queen  
  41  7:06  Spine Crawler x2  
  41  7:07  Zergling x2  
  40  7:14  Zergling x10  
  44  7:27  Spine Crawler  
  44  7:28  Spine Crawler  
  33  7:47  Zergling x2  
  33  7:48  Zergling x16  
  42  7:57  Zergling x4  
  34  8:10  Zergling x2  
  34  8:11  Zergling x2  
  33  8:26  Spine Crawler  
  31  8:28  Spine Crawler x3  
  23  8:39  Spine Crawler  
Tags
 
Add a new tag
Caveats
  • Supply blocks, unpowered buildings, or Contaminate may cause inaccurate times.
  • Supply counts are checked every 10 seconds.